 Dungeon Crawl Stone Soup version 0.29-a0-355-g7276a9ff7f (console) character file.

Game seed: 17941667251027083293

350570 Ignak the Sage (level 22, 0/174 HPs)
             Began as a Gnoll Ice Elementalist on Apr 22, 2022.
             Was a High Priest of Sif Muna.
             Killed from afar by a crystal guardian (27 damage)
             ... with a crystal bolt
             ... led by a peacekeeper
             ... on level 4 of the Vaults on Apr 25, 2022.
             The game lasted 03:56:24 (58150 turns).

Ignak the Sage (Gnoll Ice Elementalist)            Turns: 58150, Time: 03:56:24

Health: 0/174      AC: 22    Str: 16    XL:     22   Next: 21%
Magic:  12/41      EV: 25    Int: 24    God:    Sif Muna [*****.]
Gold:   1603       SH: 17    Dex: 18    Spells: 6/52 levels left

rFire   . . .      SeeInvis .   D - +10 morningstar {elec, Halo rElec}
rCold   . . .      Faith    .   m - +3 kite shield {reflect}
rNeg    . . .      Spirit   .   W - +4 troll leather armour
rPois   +          Reflect  +   R - +1 hat of Philately {Regen+ Dex+6}
rElec   +          Harm     .   Q - +2 cloak {Will+}
rCorr   .          Rampage  .   F - +2 pair of gloves of Ofunan {Str+2 Int+2}
Will    +++..      Clarity  +   k - +2 pair of boots
Stlth   +++.......              A - amulet of Suid {Acrobat Will+}
HPRegen 1.99/turn               O - +4 ring of evasion
MPRegen 0.27/turn               Y - ring of poison resistance

@: marked, calling dragons, channelling, glowing
A: fangs 1, strong nose, distributed training, clarity, strong 1, wild magic 1
}: 2/15 runes: decaying, gossamer
a: Renounce Religion, Channel Magic, Forget Spell, Divine Exegesis


You were on level 4 of the Vaults.
You worshipped Sif Muna.
Sif Muna was extremely pleased with you.
You visited 8 branches of the dungeon, and saw 38 of its levels.
You also visited: Ossuary, Ice Cave and Volcano.

You collected 4760 gold pieces.
You spent 3157 gold pieces at shops.

Inventory:

Hand Weapons
 a - the +6 long sword of the Realm of Zot {elec, rPois rF+ Will+}
   (You found it on level 7 of the Dungeon)

   It occasionally discharges a powerful burst of electricity upon striking a
   foe.
   rF:        It protects you from fire.
   rPois:     It protects you from poison.
   Will:      It increases your willpower.
 b - the +6 short sword of Pinoust {chaos, rF++ Stlth+}
   (You bought it in a shop on level 2 of the Elven Halls)

   Each time it hits an enemy it has a different, random effect.
   rF:        It greatly protects you from fire.
   Stlth:     It makes you more stealthy.
 D - the +10 morningstar "Eos" (weapon) {elec, Halo rElec}
   (You bought it in a shop on level 1 of the Vaults)

   It occasionally discharges a powerful burst of electricity upon striking a
   foe.
   It grants its wielder a halo, increasing accuracy against those within it.
   rElec:     It insulates you from electricity.
Missiles
 o - 73 poisoned darts (quivered)
Armour
 k - a +2 pair of boots (worn)
 m - a +3 kite shield of reflection (worn)
 t - a +2 helmet of see invisible
 y - +0 swamp dragon scales
 F - the +2 pair of gloves of Ofunan (worn) {Str+2 Int+2}
   (You found it on level 8 of the Dungeon)

   Str:       It affects your strength (+2).
   Int:       It affects your intelligence (+2).
 Q - a +2 cloak of willpower (worn)
 R - the +1 hat of Philately (worn) {Regen+ Dex+6}
   (You found it on level 4 of the Spider Nest)

   Dex:       It affects your dexterity (+6).
   Regen:     It increases your rate of health regeneration.
 U - a scarf of shadows
 W - a +4 troll leather armour (worn)
Jewellery
 d - a ring of ice
 A - the amulet of Suid (around neck) {Acrobat Will+}
   (You found it on level 8 of the Dungeon)

   [amulet of the acrobat]

   It increases your evasion while moving and waiting.
   Will:      It increases your willpower.
 B - a ring of ice
 E - an amulet of magic regeneration
 I - the ring of Buelivow {*Slow Fly rElec Will++ rCorr}
   (You found it on level 7 of the Dungeon)

   [ring of flight]

   rElec:     It insulates you from electricity.
   Fly:       It grants you flight.
   rCorr:     It protects you from acid and corrosion.
   *Slow:     It may slow you when you take damage.
   Will:      It greatly increases your willpower.
 O - a +4 ring of evasion (left hand)
 X - a ring of see invisible
 Y - a ring of poison resistance (right hand)
Wands
 e - a wand of charming (18)
 u - a wand of flame (100)
 x - a wand of iceblast (16)
 J - a wand of mindburst (18)
 K - a wand of paralysis (8)
 P - a wand of acid (16)
 S - a wand of digging (6)
 T - a wand of polymorph (12)
Scrolls
 c - 5 scrolls of summoning
 f - a scroll of silence
 g - 4 scrolls of blinking
 n - 18 scrolls of teleportation
 q - 4 scrolls of amnesia
 v - 5 scrolls of fear
 z - 4 scrolls of fog
 V - 7 scrolls of magic mapping
 Z - 2 scrolls of holy word
Potions
 h - 3 potions of brilliance
 i - 7 potions of invisibility
 j - 20 potions of curing
 l - 6 potions of cancellation
 r - 10 potions of heal wounds
 s - 2 potions of berserk rage
 w - 9 potions of magic
 C - 2 potions of resistance
 G - 7 potions of haste
 H - 5 potions of mutation
 M - 4 potions of flight
 N - 5 potions of ambrosia
Miscellaneous
 p - a phantom mirror
 L - a tin of tremorstones (2/2)


   Skills:
 + Level 14.9 Fighting
 + Level 14.9 Short Blades
 + Level 14.9 Long Blades
 + Level 14.9 Axes
 + Level 14.9 Maces & Flails
 + Level 14.9 Polearms
 + Level 14.9 Staves
 + Level 14.9 Slings
 + Level 14.9 Bows
 + Level 14.9 Crossbows
 + Level 14.9 Throwing
 + Level 14.9 Armour
 + Level 15.5 Dodging
 + Level 15.4 Stealth
 + Level 14.9 Shields
 + Level 14.9 Unarmed Combat
 + Level 15.6 Spellcasting
 + Level 12.7 Conjurations
 + Level 12.7 Hexes
 + Level 12.7 Summonings
 + Level 12.7 Necromancy
 + Level 12.7 Translocations
 + Level 12.7 Transmutations
 + Level 12.7 Fire Magic
 + Level 14.4 Ice Magic
 + Level 12.7 Air Magic
 + Level 12.7 Earth Magic
 + Level 12.7 Poison Magic
 + Level 16.1 Invocations
 + Level 14.9 Evocations


You had 6 spell levels left.
You knew the following spells:

 Your Spells              Type           Power      Damage    Failure   Level
a - Ozocubu's Refrigerat  Ice            42%        4d13      21%         7
b - Blink                 Tloc           100%       N/A       1%          2
c - Frozen Ramparts       Ice            100%       1d12      1%          3
d - Lee's Rapid Deconstr  Erth           40%        3d21*     1%          5
e - Summon Lightning Spi  Summ/Air       81%        N/A       1%          4
f - Freezing Cloud        Conj/Ice/Air   41%        6-21      1%          5
g - Searing Ray           Conj           100%       2d8       1%          2
r - Vampiric Draining     Necr           81%        2d11      1%          3
v - Ignite Poison         Fire/Tmut/Pois 81%        N/A       1%          3
w - Fireball              Conj/Fire      40%        3d16      1%          5
x - Olgreb's Toxic Radia  Pois           81%        N/A       1%          4
z - Ozocubu's Armour      Ice            85%        N/A       1%          3

Your spell library contained the following spells:

 Spells                   Type           Power      Damage    Failure   Level
 Animate Skeleton         Necr           100%       N/A       1%          1
 Apportation              Tloc           100%       N/A       1%          1
 Foxfire                  Conj/Fire      100%       2x1d9     1%          1
 Freeze                   Ice            100%       1d11      1%          1
 Magic Dart               Conj           100%       1d8       1%          1
 Pain                     Necr           100%       1d9       1%          1
 Sandblast                Erth           100%       2d20      1%          1
 Sting                    Tmut/Pois      100%       1d8       1%          1
 Summon Small Mammal      Summ           100%       N/A       1%          1
 Corpse Rot               Necr/Air       100%       N/A       1%          2
 Ensorcelled Hibernation  Hex/Ice        100%       N/A       1%          2
 Passwall                 Tmut/Erth      67%        N/A       1%          2
 Poisonous Vapours        Pois/Air       100%       N/A       1%          2
 Scorch                   Fire           100%       2d10      1%          2
 Static Discharge         Conj/Air       81%        N/A       1%          2
 Sublimation of Blood     Necr           81%        N/A       1%          2
 Confusing Touch          Hex            81%        N/A       1%          3
 Conjure Flame            Conj/Fire      81%        6-21      1%          3
 Gell's Gravitas          Tloc           81%        N/A       1%          3
 Inner Flame              Hex/Fire       81%        N/A       1%          3
 Lesser Beckoning         Tloc           81%        N/A       1%          3
 Mephitic Cloud           Conj/Pois/Air  81%        N/A       1%          3
 Portal Projectile        Hex/Tloc       100%       N/A       1%          3
 Spider Form              Tmut/Pois      81%        N/A       1%          3
 Stone Arrow              Conj/Erth      100%       3d13      1%          3
 Summon Guardian Golem    Hex/Summ       81%        N/A       1%          3
 Teleport Other           Tloc           81%        N/A       1%          3
 Tukima's Dance           Hex            81%        N/A       1%          3
 Anguish                  Hex/Necr       40%        N/A       1%          4
 Animate Armour           Summ/Erth      100%       N/A       1%          4
 Animate Dead             Necr           40%        N/A       1%          4
 Cause Fear               Hex            40%        N/A       1%          4
 Flame Wave               Conj/Fire      81%        2d14      1%          4
 Fulminant Prism          Conj/Hex       40%        3d20      1%          4
 Hailstorm                Conj/Ice       83%        3d17      1%          4
 Ice Form                 Ice/Tmut       83%        N/A       1%          4
 Iskenderun's Mystic Bla  Conj/Tloc      81%        2d16      1%          4
 Leda's Liquefaction      Hex/Erth       40%        N/A       1%          4
 Passage of Golubria      Tloc           81%        N/A       1%          4
 Petrify                  Tmut/Erth      81%        N/A       1%          4
 Sticky Flame             Conj/Fire      81%        2d9       1%          4
 Summon Ice Beast         Ice/Summ       83%        N/A       1%          4
 Agony                    Necr           81%        N/A       1%          5
 Alistair's Intoxication  Tmut/Pois      54%        N/A       1%          5
 Blade Hands              Tmut           40%        N/A       1%          5
 Borgnjor's Vile Clutch   Necr/Erth      40%        N/A       1%          5
 Excruciating Wounds      Necr           40%        N/A       1%          5
 Irradiate                Conj/Tmut      40%        3d26      1%          5
 Iskenderun's Battlesphe  Conj           81%        2d13      1%          5
 Lightning Bolt           Conj/Air       40%        1d59      1%          5
 Manifold Assault         Tloc           81%        N/A       1%          5
 Metabolic Englaciation   Hex/Ice        41%        N/A       1%          5
 Silence                  Hex/Air        40%        N/A       1%          5
 Summon Forest            Summ/Tloc      40%        N/A       1%          5
 Summon Mana Viper        Hex/Summ       81%        N/A       1%          5
 Yara's Violent Unravell  Hex/Tmut       40%        3d16      1%          5
 Simulacrum               Ice/Necr       41%        N/A       6%          6
 Conjure Ball Lightning   Conj/Air       40%        3x3d13    8%          6
 Death Channel            Necr           40%        N/A       8%          6
 Dispersal                Tloc           40%        N/A       8%          6
 Eringya's Noxious Bog    Tmut/Pois      40%        N/A       8%          6
 Iron Shot                Conj/Erth      40%        9d8       8%          6
 Statue Form              Tmut/Erth      54%        N/A       8%          6
 Summon Cactus Giant      Summ           40%        N/A       8%          6
 Dragon Form              Tmut           40%        N/A       36%         7
 Enfeeble                 Hex            40%        N/A       36%         7
 Haunt                    Necr/Summ      40%        N/A       36%         7
 Malign Gateway           Summ/Tloc      40%        N/A       36%         7
 Monstrous Menagerie      Summ           40%        N/A       36%         7
 Spellforged Servitor     Conj/Summ      40%        N/A       36%         7
 Borgnjor's Revivificati  Necr           40%        N/A       95%         8
 Discord                  Hex            40%        N/A       95%         8
 Disjunction              Tloc           40%        N/A       95%         8
 Ignition                 Fire           40%        3d12      95%         8
 Infestation              Necr           40%        N/A       95%         8
 Lehudib's Crystal Spear  Conj/Erth      40%        10d10     95%         8
 Maxwell's Capacitive Co  Air            40%        ∞         95%         8
 Necromutation            Tmut/Necr      40%        N/A       95%         8
 Summon Horrible Things   Summ           40%        N/A       95%         8
 Chain Lightning          Conj/Air       40%        3d54      100%        9
 Dragon's Call            Summ           40%        N/A       100%        9
 Fire Storm               Conj/Fire      40%        8d10      100%        9
 Shatter                  Erth           40%        3d32*     100%        9


Dungeon Overview and Level Annotations

Branches:
Dungeon (15/15)            Temple (1/1) D:7            Lair (6/6) D:10
  Swamp (4/4) Lair:3       Spider (4/4) Lair:2        Slime (0/5) Lair:6
    Orc (2/2) D:11            Elf (2/3) Orc:2        Vaults (4/5) D:13
  Crypt (0/3) Vaults:2     Depths (0/4) D:15        Ossuary (visited)
  IceCv (visited)         Volcano (visited)

Altars:
Ashenzari
Cheibriados
Dithmenos
Elyvilon
Fedhas
Gozag
Hepliaklqana
Kikubaaqudgha
Makhleb
Nemelex Xobeh
Okawaru
Qazlal
Ru
Sif Muna
Trog
Uskayaw
Vehumet
Wu Jian
Xom
Yredelemnul
Zin
The Shining One
Beogh
Jiyva

Shops:
D:4 [   Orc:2 (*=[   Elf:1 (   Elf:2 (=*   Vaults:1 *(:!   Vaults:2 (
Vaults:3 *

Annotations:
D:15 exclusions: 2 flayed ghosts and 6 more exclusions
Swamp:2 exclusion: lightning spire


Innate Abilities, Weirdness & Mutations

You have very sharp teeth.
Your uncanny sense of smell can sniff out nearby items.
Your experience applies equally to all skills.
You possess an exceptional clarity of mind.
Your muscles are strong. (Str +2)
Your spells are a little harder to cast, but a little more powerful.


Message History

The bolt of cold hits you!
The bolt of cold hits your iron dragon!!
Your iron dragon resists.
Your storm dragon breathes lightning at the tengu reaver.
The bolt of lightning hits the crystal guardian.
The crystal guardian completely resists.
The bolt of lightning hits the tengu reaver!
Casting: Lee's Rapid Deconstruction (mildly dangerous; 1% risk of failure)
Confirm with . or Enter, or press ? or * to list all spells.
A film of ice covers your body! A dragon arrives to answer your call!
The red ugly thing pecks your quicksilver dragon but does no damage.
Your quicksilver dragon bites the lindwurm.
Your quicksilver dragon claws the lindwurm.
Your storm dragon bites the crystal guardian but does no damage.
Your storm dragon claws the crystal guardian but does no damage.
Your storm dragon tramples the crystal guardian.
The crystal guardian stumbles backwards!
The lindwurm breathes flames at you.
The blast of flame hits the deep troll!!
The blast of flame hits your lightning spire.
Your lightning spire resists.
The blast of flame hits you!
The blast of flame hits your storm dragon!!
Your storm dragon dies!
Your storm dragon's corpse disappears in a puff of smoke!
The blast of flame hits your storm dragon!!
The tengu reaver points at you and mumbles some strange words.
The bolt of fire hits the crystal guardian.
The crystal guardian completely resists.
The bolt of fire hits you!!!
Your icy armour melts away.
* * * LOW HITPOINT WARNING * * *
The bolt of fire hits your iron dragon!!
Your iron dragon resists.
The deep troll bites your lightning spire but does no damage.
The deep troll claws your lightning spire but does no damage.
The deep troll claws your lightning spire!
The crystal guardian fires a crystalline bolt at you.
The crystal bolt freezes you!!
You die...

### #)..
.') #####Y#
#####†)[9Q#
#pDkT8@§D)+
#u###D.D.D#
+..)..+
#.>...#
+.....+.
#+#+#+###
∆∆ ∆∆ ∆ ∆∆


You could see a dire elephant, a tengu reaver (ally target), a red ugly thing, a
crystal guardian, a deep troll (distracted), a lindwurm (catching breath, ally
target), a wizard (distracted), a friendly iron dragon (summoned), a friendly
golden dragon (summoned), a friendly storm dragon (summoned), 2 friendly
quicksilver dragons and a friendly lightning spire (summoned).

Vanquished Creatures
  Boris (Vaults:3)
  the Lernaean hydra (Swamp:4)
  A tengu reaver (D:14)
  Kirke (Swamp:4)
  A fenstrider witch (Swamp:3)
  2 sphinxes
  Donald (Swamp:4)
  2 frost giants (IceCv)
  Aizul (Spider:1)
  3 emperor scorpions
  14 vault wardens
  2 orc warlords
  Louise (Swamp:1)
  An iron dragon (D:14)
  2 deep elf sorcerers
  6 ghost moths
  13 very ugly things
  A stone giant (Vaults:2)
  3 war gargoyles
  3 broodmothers
  6 ironbound thunderhulks
  10 ironbound preservers
  9 dire elephants
  A white draconian (IceCv)
  The ghost of Yqyin the Fighter, a journeyman GnAK of Lugonu (Lair:5)
  2 eleionomae
  7 entropy weavers
  3 spark wasps
  5 bunyips
  A crystal guardian (Vaults:3)
  An ettin (D:14)
  7 yaktaur captains
  5 great orbs of eyes
  A fire dragon (Volcano)
  5 vault guards
  2 ice dragons
  2 shambling mangroves (Swamp:1)
  27 hydras
  A rakshasa (D:14)
  3 ghost crabs
  2 peacekeepers
  3 boulder beetles
  3 jorogumos
  2 ogre magi
  Erica (D:11)
  16 centaur warriors
  5 radroaches
  12 ironbound frosthearts
  4 tengu warriors
  7 two-headed ogres
  24 dancing weapons
  2 alligators
  An orc high priest (Orc:2)
  A vampire mage (Vaults:2)
  10 deep elf knights
  5 spriggans
  Sonja (D:10)
  5 pharaoh ants
  7 skeletal warriors
  A spark wasp zombie (D:15)
  6 steelbarb worms
  8 swamp dragons
  7 goliath frogs
  8 orb spiders
  6 bog bodies
  11 lindwurms
  3 spriggan druids
  31 deep trolls
  An orange crystal statue (IceCv)
  6 orc knights
  6 wizards
  7 deep elf archers
  12 ironbound convokers
  Pikel (D:6)
  A harpy (Vaults:1)
  3 salamanders (Volcano)
  20 deep elf zephyrmancers
  A necromancer (Vaults:2)
  21 wolf spiders
  4 orc sorcerers
  4 cyclopes
  A manticore (shapeshifter) (D:14)
  28 deep elf pyromancers
  A frost giant zombie (D:15)
  49 ugly things
  7 will-o-the-wisps
  12 elephants
  4 manticores
  An iron dragon skeleton (D:15)
  Maurice (Orc:2)
  2 moths of wrath
  5 black mambas
  A molten gargoyle (Lair:3)
  8 torpor snails
  17 vault sentinels
  An unseen horror (D:11)
  2 gargoyles
  11 cane toads
  16 rime drakes
  4 demonic crawlers
  A freezing wraith (Vaults:2)
  17 yaktaurs
  5 efreet
  18 komodo dragons
  3 kobold demonologists
  A komodo dragon (shapeshifter) (D:14)
  A queen bee (shapeshifter) (Elf:1)
  20 polar bears
  4 trolls
  18 hornets
  22 tarantellas
  A raiju (shapeshifter) (Elf:1)
  17 tyrant leeches
  28 slime creatures
  27 blink frogs
  A centaur simulacrum (D:14)
  26 jumping spiders
  A vampire (D:11)
  3 air elementals (Elf:1)
  9 wyverns
  32 culicivoras
  9 fire bats
  A spriggan (shapeshifter) (D:14)
  6 wraiths
  A fire elemental (Elf:1)
  47 yaks
  6 basilisks
  A basilisk (shapeshifter) (D:13)
  67 redbacks
  4 steam dragons
  5 hogs (Swamp:4)
  2 redbacks (shapeshifter)
  18 vampire mosquitoes
  7 wargs
  Edmund (D:4)
  17 swamp worms
  An acid dragon (D:12)
  A hell hound (Spider:1)
  14 water moccasins
  Duvessa (D:4)
  A black bear (Lair:2)
  An ice beast (D:6)
  8 swamp drakes
  32 orc warriors
  A wolf (shapeshifter) (D:14)
  6 boggarts
  16 ogres
  5 wolves (Lair:4)
  18 centaurs
  2 phantoms (D:6)
  3 lemures (D:6)
  7 kobold brigands
  2 gnoll sergeants
  12 bullfrogs
  2 necrophages
  3 scorpions
  An earth elemental (Elf:1)
  9 wights
  Dowan (D:4)
  15 killer bees
  An electric eel (Lair:3)
  A vampire bat (D:5)
  4 howler monkeys
  15 orc priests
  6 jellies
  Crazy Yiuf (D:2)
  2 gnoll shamans
  8 hounds
  Jessica (D:3)
  29 orc wizards
  6 iguanas
  Natasha (thrice) (D:3)
  12 hell rats
  8 mummies (Ossuary)
  20 gnolls
  5 adders
  2 shadow imps
  A white imp (D:6)
  3 ufetubi (D:6)
  A worm (D:2)
  5 dart slugs
  94 orcs
  7 ball pythons
  4 endoplasms
  3 giant cockroaches
  2 gnoll zombies (Ossuary)
  15 goblins
  6 hobgoblins
  4 jackals (D:3)
  24 kobolds
  2 quokkas
  18 bats
  2 frilled lizards
  3 hobgoblin zombies (Ossuary)
  3 kobold zombies (Ossuary)
  2 quokka zombies (D:6)
  6 rats
1547 creatures vanquished.

Vanquished Creatures (collateral kills)
  Mlioglotl (Spider:1)
  Asterion (Elf:2)
  An ironbound preserver (Vaults:4)
  A war gargoyle (Vaults:4)
  A broodmother (Spider:3)
  An ironbound thunderhulk (Vaults:4)
  2 dire elephants (Vaults:4)
  A crystal guardian (Vaults:4)
  A deep elf high priest (Vaults:4)
  A vault guard (Vaults:4)
  A centaur warrior (D:8)
  2 peacekeepers
  A tengu warrior (D:8)
  4 skeletal warriors
  3 deep trolls (Vaults:4)
  An orb spider (Spider:1)
  A flayed ghost (D:15)
  A steelbarb worm (shapeshifter) (D:8)
  An ironbound convoker (Vaults:4)
  A necromancer (D:15)
  A lindwurm (Vaults:4)
  A wolf spider (Spider:3)
  An ugly thing (D:8)
  A frost giant zombie (D:15)
  A cyclops (D:8)
  A vault sentinel (Vaults:4)
  A torpor snail (Spider:1)
  A basilisk (D:8)
  A swamp drake (Swamp:4)
36 creatures vanquished.

Vanquished Creatures (others)
  An orc warlord (Orc:2)
  3 hydras
  A radroach (Spider:1)
  2 deep elf knights (Elf:2)
  A fire crab (D:14)
  A pharaoh ant (Spider:4)
  A swamp dragon (Swamp:4)
  A deep elf zephyrmancer (Elf:2)
  An orc knight (Orc:2)
  2 ugly things
  2 bloated husks
  An air elemental (Elf:1)
  A wyvern (Volcano)
  A vampire (D:13)
  2 humans (Swamp:4)
  A swamp worm (Swamp:2)
  2 ball lightnings (Swamp:2)
  51 foxfires
  16 fungi
  103 plants
  2 starspawn tentacles (Spider:1)
  A withered plant (D:15)
197 creatures vanquished.

Grand Total: 1780 creatures vanquished

Notes
Turn   | Place    | Note
-------+----------+-------------------------------------------
     0 | D:1      | Ignak the Gnoll Ice Elementalist began the quest for the
                  | Orb.
     0 | D:1      | Reached XP level 1. HP: 13/13 MP: 6/6
   302 | D:1      | Found a faded altar of an unknown god.
   312 | D:1      | Reached XP level 2. HP: 18/19 MP: 3/7
   744 | D:1      | You fall into a shaft and drop 1 floor!
   755 | D:2      | Reached XP level 3. HP: 23/25 MP: 9/9
   802 | D:2      | Reached skill level 5 in Spellcasting
  1000 | D:2      | Reached skill level 1 in Invocations
  1144 | D:2      | Reached skill level 1 in Fighting
  1144 | D:2      | Reached skill level 1 in Short Blades
  1144 | D:2      | Reached skill level 1 in Long Blades
  1144 | D:2      | Reached skill level 1 in Axes
  1144 | D:2      | Reached skill level 1 in Maces & Flails
  1144 | D:2      | Reached skill level 1 in Polearms
  1144 | D:2      | Reached skill level 1 in Staves
  1144 | D:2      | Reached skill level 1 in Slings
  1144 | D:2      | Reached skill level 1 in Bows
  1144 | D:2      | Reached skill level 1 in Crossbows
  1144 | D:2      | Reached skill level 1 in Throwing
  1144 | D:2      | Reached skill level 1 in Armour
  1144 | D:2      | Reached skill level 1 in Shields
  1144 | D:2      | Reached skill level 1 in Unarmed Combat
  1144 | D:2      | Reached skill level 1 in Evocations
  1571 | D:2      | Found a runed translucent door.
  1572 | D:2      | Noticed Crazy Yiuf
  1581 | D:2      | Learned a level 3 spell: Frozen Ramparts
  1585 | D:2      | Learned a level 3 spell: Ozocubu's Armour
  1655 | D:3      | Reached XP level 4. HP: 28/32 MP: 11/11
  1669 | D:3      | Reached skill level 1 in Conjurations
  1669 | D:3      | Reached skill level 1 in Hexes
  1669 | D:3      | Reached skill level 1 in Summonings
  1669 | D:3      | Reached skill level 1 in Necromancy
  1669 | D:3      | Reached skill level 1 in Translocations
  1669 | D:3      | Reached skill level 1 in Transmutations
  1669 | D:3      | Reached skill level 1 in Fire Magic
  1669 | D:3      | Reached skill level 1 in Air Magic
  1669 | D:3      | Reached skill level 1 in Earth Magic
  1669 | D:3      | Reached skill level 1 in Poison Magic
  1674 | D:3      | Reached XP level 5. HP: 28/37 MP: 12/12
  2007 | D:3      | Noticed Natasha
  2012 | D:3      | Killed Natasha
  2050 | D:3      | Learned a level 2 spell: Searing Ray
  2120 | D:3      | Noticed Natasha
  2129 | D:3      | Killed Natasha
  2293 | D:3      | Noticed Jessica
  2311 | D:3      | Killed Jessica
  2312 | D:3      | Reached skill level 2 in Invocations
  2312 | D:3      | Reached XP level 6. HP: 44/44 MP: 13/13
  2319 | D:3      | Got Jessica's Disquisition on Displacement
  2549 | D:3      | Noticed Natasha
  2560 | D:3      | Killed Natasha
  2561 | D:3      | Reached skill level 5 in Dodging
  2900 | D:4      | Found Kuhofoof's Armour Boutique.
  3178 | D:4      | Noticed Duvessa
  3178 | D:4      | Noticed Dowan
  3184 | D:4      | Killed Duvessa
  3185 | D:4      | Reached XP level 7. HP: 50/50 MP: 15/15
  3192 | D:4      | Noticed Edmund
  3219 | D:4      | Killed Dowan
  3220 | D:4      | Reached skill level 5 in Stealth
  3304 | D:4      | Killed Edmund
  3305 | D:4      | Reached skill level 3 in Invocations
  3425 | D:4      | Reached XP level 8. HP: 57/57 MP: 16/16
  3786 | D:2      | Killed Crazy Yiuf
  3941 | D:5      | Entered Level 5 of the Dungeon
  4045 | D:5      | Found a radiant altar of Vehumet.
  4063 | D:5      | Noticed a yak
  4066 | D:5      | Noticed a yak
  4067 | D:5      | Noticed a yak
  4070 | D:5      | Noticed a yak
  4071 | D:5      | Killed a yak
  4077 | D:5      | Killed a yak
  4078 | D:5      | Killed a yak
  4080 | D:5      | Killed a yak
  4081 | D:5      | Reached skill level 4 in Invocations
  4310 | D:5      | Learned a level 4 spell: Hailstorm
  4376 | D:5      | Reached XP level 9. HP: 65/65 MP: 18/18
  4723 | D:6      | Found a sand-covered staircase.
  4736 | Ossuary  | Entered an ossuary
  4969 | D:6      | Gained mutation: You occasionally shout uncontrollably at
                  | your foes. [potion of mutation]
  4969 | D:6      | Gained mutation: You are strong-willed. (Will+) [potion of
                  | mutation]
  4970 | D:6      | Lost mutation: You occasionally shout uncontrollably at
                  | your foes. [potion of mutation]
  4970 | D:6      | Lost mutation: You are strong-willed. (Will+) [potion of
                  | mutation]
  4970 | D:6      | Gained mutation: Your mind is acute. (Int +2) [potion of
                  | mutation]
  4970 | D:6      | Gained mutation: Your body sometimes deteriorates upon
                  | taking damage. [potion of mutation]
  4970 | D:6      | Gained mutation: Your system is resistant to poisons.
                  | (rPois) [potion of mutation]
  5012 | D:6      | Found a sparkling altar of Nemelex Xobeh.
  5165 | D:6      | Found an opulent altar of Gozag.
  5386 | D:6      | Found a burning altar of Makhleb.
  5425 | D:6      | Found a basalt altar of Yredelemnul.
  5435 | D:6      | Found a glowing golden altar of the Shining One.
  5533 | D:6      | Noticed Pikel
  5558 | D:6      | Killed Pikel
  5889 | D:4      | Bought a +3 leather armour of fire resistance for 240 gold
                  | pieces
  6026 | D:6      | Reached skill level 5 in Invocations
  6200 | D:6      | Noticed an angel
  6463 | D:7      | Found a staircase to the Ecumenical Temple.
  6469 | Temple   | Entered the Ecumenical Temple
  6801 | D:7      | Upgraded the game from 0.29-a0-344-ge2f44be95a to
                  | 0.29-a0-355-g7276a9ff7f
  6809 | D:7      | Reached XP level 10. HP: 59/73 MP: 20/20
  7145 | D:7      | Reached skill level 5 in Fighting
  7145 | D:7      | Reached skill level 5 in Short Blades
  7145 | D:7      | Reached skill level 5 in Long Blades
  7145 | D:7      | Reached skill level 5 in Axes
  7145 | D:7      | Reached skill level 5 in Maces & Flails
  7145 | D:7      | Reached skill level 5 in Polearms
  7145 | D:7      | Reached skill level 5 in Staves
  7145 | D:7      | Reached skill level 5 in Slings
  7145 | D:7      | Reached skill level 5 in Bows
  7145 | D:7      | Reached skill level 5 in Crossbows
  7145 | D:7      | Reached skill level 5 in Throwing
  7145 | D:7      | Reached skill level 5 in Armour
  7145 | D:7      | Reached skill level 5 in Shields
  7145 | D:7      | Reached skill level 5 in Unarmed Combat
  7145 | D:7      | Reached skill level 5 in Evocations
  7172 | D:7      | Noticed a gargoyle
  7172 | D:7      | Noticed a boulder beetle
  7233 | D:7      | Killed a gargoyle
  7487 | D:7      | Killed a boulder beetle
  7794 | D:7      | Identified the ring of Buelivow {*Slow Fly rElec Will++
                  | rCorr}
  7803 | D:7      | Identified the +6 long sword of the Realm of Zot {elec,
                  | rPois rF+ Will+}
  7818 | D:7      | Got the Incunabulum of Ghastly Transformation
  7836 | D:7      | Learned a level 4 spell: Ice Form
  7866 | D:7      | Reached skill level 6 in Invocations
  8887 | D:8      | Lost mutation: Your system is resistant to poisons. (rPois)
                  | [potion of mutation]
  8887 | D:8      | Lost mutation: Your body sometimes deteriorates upon taking
                  | damage. [potion of mutation]
  8887 | D:8      | Lost mutation: Your mind is acute. (Int +2) [potion of
                  | mutation]
  8887 | D:8      | Gained mutation: You have large cloven feet. [potion of
                  | mutation]
  8956 | D:8      | Reached XP level 11. HP: 79/81 MP: 22/22
  9201 | D:8      | Found a shimmering blue altar of Sif Muna.
  9399 | D:8      | Found a glowing silver altar of Zin.
  9496 | D:8      | Identified the +2 pair of gloves of Ofunan {Str+2 Int+2}
  9574 | D:8      | Noticed a skeletal warrior
  9574 | D:8      | Noticed a tengu warrior
  9575 | D:8      | Found a runed translucent door.
  9577 | D:8      | Noticed a cyan ugly thing
  9577 | D:8      | Noticed a centaur warrior
  9577 | D:8      | Noticed a cyclops
  9577 | D:8      | Noticed a skeletal warrior
  9592 | D:8      | Learned a level 4 spell: Anguish
  9644 | D:8      | Found a hazy altar of Hepliaklqana.
  9644 | D:8      | Found a shadowy altar of Dithmenos.
  9698 | D:8      | Became a worshipper of Sif Muna the Loreminder
  9815 | D:9      | Reached skill level 5 in Conjurations
  9815 | D:9      | Reached skill level 5 in Hexes
  9815 | D:9      | Reached skill level 5 in Summonings
  9815 | D:9      | Reached skill level 5 in Necromancy
  9815 | D:9      | Reached skill level 5 in Translocations
  9815 | D:9      | Reached skill level 5 in Transmutations
  9815 | D:9      | Reached skill level 5 in Fire Magic
  9815 | D:9      | Reached skill level 5 in Air Magic
  9815 | D:9      | Reached skill level 5 in Earth Magic
  9815 | D:9      | Reached skill level 5 in Poison Magic
  9908 | D:9      | Found a hide-covered altar of Uskayaw.
 10336 | D:9      | Found a snail-covered altar of Cheibriados.
 10346 | D:9      | Noticed a two-headed ogre
 10370 | D:9      | Killed a two-headed ogre
 10772 | D:9      | Noticed a two-headed ogre
 10778 | D:9      | Killed a two-headed ogre
 10779 | D:9      | Reached skill level 7 in Invocations
 10918 | D:10     | Entered Level 10 of the Dungeon
 10925 | D:10     | Reached * piety under Sif Muna
 11123 | D:10     | Noticed Sonja
 11172 | D:10     | Killed Sonja
 11368 | D:10     | Found a staircase to the Lair.
 11923 | D:11     | Reached ** piety under Sif Muna
 11925 | D:11     | Noticed a five-headed hydra
 11939 | D:11     | Killed a ten-headed hydra
 11940 | D:11     | Reached XP level 12. HP: 78/89 MP: 6/24
 11964 | D:11     | Lost mutation: You have large cloven feet. [potion of
                  | mutation]
 11964 | D:11     | Gained mutation: Your muscles are strong. (Str +2) [potion
                  | of mutation]
 11964 | D:11     | Gained mutation: Your spells are a little harder to cast,
                  | but a little more powerful. [potion of mutation]
 11964 | D:11     | Gained mutation: You possess an exceptional clarity of
                  | mind. [potion of mutation]
 12060 | D:11     | Noticed a centaur warrior
 12070 | D:11     | Killed a centaur warrior
 12202 | D:11     | Found a staircase to the Orcish Mines.
 12305 | D:11     | Noticed Erica
 12325 | D:11     | Killed Erica
 12953 | Orc:1    | Entered Level 1 of the Orcish Mines
 13127 | Orc:1    | Reached skill level 8 in Invocations
 13751 | Orc:2    | Entered Level 2 of the Orcish Mines
 13751 | Orc:2    | Found a staircase to the Elven Halls.
 14006 | Orc:2    | Noticed an orc warlord
 14008 | Orc:2    | Reached *** piety under Sif Muna
 14426 | Orc:2    | Noticed an orc high priest
 14441 | Orc:2    | Killed an orc high priest
 14698 | Orc:1    | HP: 4/92 [orc knight/+0 battleaxe (8)]
 15541 | Orc:2    | Reached XP level 13. HP: 98/98 MP: 20/26
 15616 | Orc:2    | Noticed an orc warlord
 15633 | Orc:2    | Killed an orc warlord
 15927 | Orc:2    | Reached **** piety under Sif Muna
 15959 | Orc:2    | Killed an orc warlord
 16475 | Orc:2    | Found Qaqom's Jewellery Boutique.
 16537 | Orc:2    | Found Pal Xuck's Antique Armour Boutique.
 16546 | Orc:2    | Found Unomebb's Antique Weapon Boutique.
 16563 | Orc:2    | Found Qestre's General Store.
 16586 | Orc:2    | Bought an encrusted scale mail for 297 gold pieces
 16586 | Orc:2    | Identified the +5 scale mail of the Nine Xeniums {rN+ Will+
                  | Int+7} (You bought it in a shop on level 2 of the Orcish
                  | Mines)
 16628 | Orc:2    | Noticed Maurice
 16642 | Orc:2    | Killed Maurice
 17445 | Orc:2    | Bought a ring of ice for 375 gold pieces
 17647 | Lair:1   | Entered Level 1 of the Lair of Beasts
 17663 | Lair:1   | Reached skill level 9 in Invocations
 18007 | Lair:1   | Reached skill level 10 in Ice Magic
 18033 | Lair:1   | Learned a level 4 spell: Passage of Golubria
 18376 | D:8      | Got Ociymum's Collected Works on Darkness and the Arsonist
 18381 | D:8      | Identified the amulet of Suid {Acrobat Will+}
 19448 | Lair:2   | Reached skill level 10 in Spellcasting
 19926 | Lair:2   | Found a hole to the Spider Nest.
 20159 | Lair:2   | Reached skill level 10 in Dodging
 20281 | Lair:2   | Reached XP level 14. HP: 96/106 MP: 18/28
 20945 | Lair:3   | Reached skill level 10 in Stealth
 20949 | Lair:3   | Found a dark tunnel.
 21019 | Volcano  | Entered a volcano
 21421 | Volcano  | Reached ***** piety under Sif Muna
 21541 | Volcano  | Reached skill level 10 in Invocations
 22621 | Lair:3   | Received a gift from Sif Muna
 23639 | Lair:3   | Found a staircase to the Swamp.
 23679 | Lair:3   | Learned a level 3 spell: Vampiric Draining
 25296 | Lair:4   | Reached XP level 15. HP: 93/115 MP: 23/29
 25435 | Lair:4   | Learned a level 4 spell: Olgreb's Toxic Radiance
 25659 | Lair:5   | Noticed Yqyin's ghost (journeyman GnAK)
 25672 | Lair:5   | Found a runed translucent door.
 26347 | Lair:5   | Found a hide-covered altar of Uskayaw.
 26858 | Lair:5   | Killed Yqyin's ghost
 26979 | Lair:6   | Entered Level 6 of the Lair of Beasts
 27128 | Lair:6   | Found a runed translucent door.
 27201 | Lair:6   | Received a gift from Sif Muna
 27219 | Lair:6   | Reached skill level 10 in Fighting
 27219 | Lair:6   | Reached skill level 10 in Short Blades
 27219 | Lair:6   | Reached skill level 10 in Long Blades
 27219 | Lair:6   | Reached skill level 10 in Axes
 27219 | Lair:6   | Reached skill level 10 in Maces & Flails
 27219 | Lair:6   | Reached skill level 10 in Polearms
 27219 | Lair:6   | Reached skill level 10 in Staves
 27219 | Lair:6   | Reached skill level 10 in Slings
 27219 | Lair:6   | Reached skill level 10 in Bows
 27219 | Lair:6   | Reached skill level 10 in Crossbows
 27219 | Lair:6   | Reached skill level 10 in Throwing
 27219 | Lair:6   | Reached skill level 10 in Armour
 27219 | Lair:6   | Reached skill level 10 in Shields
 27219 | Lair:6   | Reached skill level 10 in Unarmed Combat
 27219 | Lair:6   | Reached skill level 10 in Evocations
 27902 | Lair:6   | Reached skill level 11 in Invocations
 28148 | Lair:6   | Found a staircase to the Slime Pits.
 28811 | D:12     | Identified the +5 dagger of Tenacity {vorpal, Drain rElec
                  | rC+}
 30446 | D:13     | Found a gate to the Vaults.
 30473 | D:13     | Received a gift from Sif Muna
 30486 | D:13     | Got Sif Muna's Guide on Cloudy Enchantment {god gift}
 30604 | D:13     | Learned a level 4 spell: Summon Lightning Spire
 31166 | D:13     | Identified the +2 robe "Trusted Companion" {Drain MP+9
                  | Dex+7}
 32920 | D:14     | Found a viscous altar of Jiyva.
 33138 | D:14     | Reached XP level 16. HP: 123/123 MP: 31/31
 33267 | D:14     | Received a gift from Sif Muna
 33271 | D:14     | Got Sif Muna's Almanac of Flames and Conjuration {god gift}
 33693 | D:14     | Noticed a tengu reaver
 33710 | D:14     | Killed a tengu reaver
 34046 | D:14     | Got the Tome of Success
 34287 | D:15     | Entered Level 15 of the Dungeon
 34287 | D:15     | Found a shadowy altar of Dithmenos.
 34504 | D:15     | Found a staircase to the Depths.
 34618 | D:15     | Reached skill level 12 in Invocations
 34820 | D:15     | Found an ornate altar of the Wu Jian Council.
 35897 | Spider:1 | Entered Level 1 of the Spider Nest
 36158 | Spider:1 | Learned a level 5 spell: Freezing Cloud
 36168 | Spider:1 | Learned a level 7 spell: Ozocubu's Refrigeration
 36194 | Spider:1 | Received a gift from Sif Muna
 36290 | Spider:1 | Reached XP level 17. HP: 45/121 MP: 20/33
 36539 | Spider:1 | Noticed Aizul
 36555 | Spider:1 | Killed Aizul
 36857 | Spider:1 | Noticed Mlioglotl
 36871 | Spider:1 | Noticed a tentacled starspawn
 36880 | Spider:1 | Killed Mlioglotl
 38541 | Spider:3 | Identified the +1 robe of Recklessness {Drain rPois Will-
                  | Slay+6}
 38844 | Spider:3 | Reached skill level 10 in Conjurations
 38844 | Spider:3 | Reached skill level 10 in Hexes
 38844 | Spider:3 | Reached skill level 10 in Summonings
 38844 | Spider:3 | Reached skill level 10 in Necromancy
 38844 | Spider:3 | Reached skill level 10 in Translocations
 38844 | Spider:3 | Reached skill level 10 in Transmutations
 38844 | Spider:3 | Reached skill level 10 in Fire Magic
 38844 | Spider:3 | Reached skill level 10 in Air Magic
 38844 | Spider:3 | Reached skill level 10 in Earth Magic
 38844 | Spider:3 | Reached skill level 10 in Poison Magic
 38876 | Spider:3 | Received a gift from Sif Muna
 38879 | Spider:3 | Got Sif Muna's Catalogue of Changing and Darkness {god
                  | gift}
 40110 | Spider:4 | Entered Level 4 of the Spider Nest
 40115 | Spider:4 | Reached skill level 13 in Invocations
 40682 | Spider:4 | Reached XP level 18. HP: 95/140 MP: 25/35
 40752 | Spider:4 | Received a gift from Sif Muna
 40809 | Spider:4 | Got Sif Muna's Volume of Battle Magic {god gift}
 41636 | Spider:4 | Got a gossamer rune of Zot
 41647 | Spider:4 | Identified the +1 hat of Philately {Regen+ Dex+6}
 42339 | Elf:1    | Entered Level 1 of the Elven Halls
 42896 | Elf:1    | Identified a scroll of acquirement
 42934 | Elf:1    | Acquired a book of Spatial Translocations
 42939 | Elf:1    | Learned a level 2 spell: Blink
 43243 | Elf:1    | Received a gift from Sif Muna
 43246 | Elf:1    | Got Sif Muna's Volume of Darkness {god gift}
 43621 | Elf:1    | Found Upreubai's Antique Weapon Emporium.
 43637 | Elf:1    | Bought a bloodstained battleaxe for 287 gold pieces
 43637 | Elf:1    | Identified the +5 battleaxe of Disharmony {vorpal, rElec}
                  | (You bought it in a shop on level 1 of the Elven Halls)
 44428 | Elf:2    | Found Reon's Assorted Antiques.
 44436 | Elf:2    | Bought a scroll of enchant armour for 277 gold pieces
 44748 | Elf:2    | Found Jibbubu's Jewellery Shop.
 44806 | Elf:2    | Found a huge runed translucent gate.
 44807 | Elf:2    | Found a huge runed translucent gate.
 44807 | Elf:2    | Found a huge runed translucent gate.
 44822 | Elf:2    | Found a huge runed translucent gate.
 44822 | Elf:2    | Found a huge runed translucent gate.
 44956 | Elf:2    | Noticed Asterion
 44980 | Elf:2    | Killed Asterion
 44981 | Elf:2    | Reached XP level 19. HP: 145/147 MP: 22/36
 45664 | Elf:2    | Reached skill level 14 in Invocations
 46056 | Elf:2    | Found Qeceo's Antique Weapon Shop.
 46059 | Elf:2    | Bought an ichor-stained short sword for 192 gold pieces
 46059 | Elf:2    | Identified the +6 short sword of Pinoust {chaos, rF++
                  | Stlth+} (You bought it in a shop on level 2 of the Elven
                  | Halls)
 46732 | Swamp:1  | Entered Level 1 of the Swamp
 46801 | Swamp:1  | Noticed Louise
 46821 | Swamp:1  | Received a gift from Sif Muna
 46822 | Swamp:1  | Killed Louise
 46825 | Swamp:1  | Got Sif Muna's Almanac of Stones and the Frostbite {god
                  | gift}
 47752 | Swamp:2  | Found a frozen archway.
 47815 | IceCv    | Entered an ice cave
 47852 | IceCv    | Learned a level 5 spell: Fireball
 48630 | IceCv    | Found the +13 scythe of Curses {drain, Drain}
 48742 | IceCv    | Received a gift from Sif Muna
 48932 | IceCv    | Got Sif Muna's Guide on Calling and Poisoning {god gift}
 50147 | Swamp:3  | Identified the +9 double sword "Goblinslayer" {spect,
                  | Contam Int+7 Dex+7}
 50291 | Swamp:3  | Reached XP level 20. HP: 152/157 MP: 28/38
 50622 | Swamp:4  | Entered Level 4 of the Swamp
 50818 | Swamp:4  | Noticed Donald
 50835 | Swamp:4  | Killed Donald
 51076 | Swamp:4  | Received a gift from Sif Muna
 51435 | Swamp:4  | Noticed Kirke
 51443 | Swamp:4  | Killed Kirke
 51648 | Swamp:4  | Noticed the 27-headed Lernaean hydra
 51779 | Swamp:4  | Killed the 27-headed Lernaean hydra
 52060 | Swamp:4  | Got a decaying rune of Zot
 52470 | Vaults:1 | Entered Level 1 of the Vaults
 52625 | Vaults:1 | Reached skill level 15 in Invocations
 52746 | Vaults:1 | Found Ureje's Book Boutique.
 52781 | Vaults:1 | Found Osmyrch's Distillery.
 53034 | Vaults:1 | Received a gift from Sif Muna
 53037 | Vaults:1 | Got Wuruanim's Disquisition on the Compass and Ignition
                  | {god gift}
 53055 | Vaults:1 | Learned a level 3 spell: Ignite Poison
 53138 | Vaults:1 | Learned a level 5 spell: Lee's Rapid Deconstruction
 53750 | Vaults:1 | Found Kuumogg's Weapon Shoppe.
 53807 | Vaults:1 | Bought the +10 morningstar "Eos" {elec, Halo rElec} for
                  | 1332 gold pieces
 53807 | Vaults:1 | Found the +10 morningstar "Eos" {elec, Halo rElec}
 53853 | Vaults:1 | Found Epol's General Store.
 53865 | Vaults:1 | Bought a scroll of blinking for 157 gold pieces
 54337 | Vaults:1 | Reached XP level 21. HP: 165/165 MP: 39/39
 54582 | Vaults:2 | Identified the +0 helmet of the Jabberwock {rN+ Str-4 Int+4
                  | Dex+3}
 54713 | Vaults:2 | Reached skill level 15 in Spellcasting
 55462 | Vaults:2 | Found Doemen's Weapon Shop.
 55511 | Vaults:2 | Received a gift from Sif Muna
 55513 | Vaults:2 | Reached skill level 15 in Dodging
 55531 | Vaults:2 | Got Sif Muna's Collected Works on Freezing Toxins {god
                  | gift}
 55833 | Vaults:2 | Found a staircase to the Crypt.
 56073 | Vaults:3 | Reached skill level 15 in Stealth
 56382 | Vaults:3 | Noticed Boris
 56521 | Vaults:3 | Killed Boris
 57348 | Vaults:3 | Received a gift from Sif Muna
 57629 | Vaults:3 | Found Zyucocve's General Store.
 57778 | Vaults:3 | Reached skill level 16 in Invocations
 58108 | Vaults:4 | Reached XP level 22. HP: 159/174 MP: 6/41
 58150 | Vaults:4 | Killed from afar by a crystal guardian

Illustrated notes

Levels and vault maps discovered:
D:1:      lightli_arrival_quake, layout_basic, basic_ecumenical_altar
D:2:      layout_basic, nrook_uturn, kennysheep_generic_room_7,
          uniq_crazy_yiuf_cottage
D:3:      minmay_chambers_of_threes, layout_basic, palyth_stone_intersect,
          kennysheep_jessica_study, uniq_natasha
D:4:      layout_cave_pods, serial_shops, shop, uniq_edmund, uniq_duvessa
D:5:      layout_rooms, vehumet_crystals, roderic_batcave
D:6:      minmay_chambers_of_fours, layout_rooms,
          grunt_temple_overflow_holy_war,
          nicolae_gozag_cash_rules_everything_around_me, kennysheep_mini,
          mainiacjoe_overflow_catwalk, enter_ossuary_4, uniq_pikel
D:7:      minmay_the_grid_triangle_9x9_recursive_2
          [minmay_the_grid_triangle_9x9_prize_insulated,
          minmay_the_grid_triangle_9x9_steps,
          minmay_the_grid_triangle_9x9_wacky_v,
          minmay_the_grid_triangle_9x9_semitri], layout_rooms,
          minmay_temple_entry_fiery, enter_bailey_3, serial_co_window_serial,
          co_window_paths_b, co_window_corner_a, co_window_corner_a,
          co_window_paths_b, co_window_corner_a, co_window_corner_b,
          co_window_broadway_a, co_window_paths_c, co_window_paths_d,
          glass_columns_c, glass_columns_a, glass_columns_a, glass_columns_a,
          skrybe_limestone_x, chequers_hall_statues_corner_a
D:8:      minmay_gate_of_8, layout_rooms, riverfiend_overflow_shadow_ancestor,
          nicolae_sif_muna_condensation, mainiacjoe_overflow_surrounded_room,
          kennysheep_generic_room_13
D:9:      layout_irregular_city, cheibriados_altar_1, nicolae_uskayaw_suspiria
D:10:     layout_irregular_city, david_lair_shrubbed, chequers_mini_garden,
          kennysheep_pointless_box, uniq_sonja
D:11:     layout_loops_ring, orc_0_dummy, minivault_16, uniq_erica
D:12:     layout_stronghold
D:13:     layout_gridville, david_vaults_2, st_stairs_1
D:14:     kennysheep_snake, layout_long_grid, chequers_serial_rivers_room_b,
          jiyva_altar_1
D:15:     gammafunk_depths_entry_grave, layout_long_grid, grunt_dithmenos_smoke,
          nicolae_wu_jian_wuxing_cycle
Temple:   jpeg_temple_alley_garden
Lair:1:   layout_cave_pods, cheibrodos_lair_lostbears
Lair:2:   layout_regular_city, hellmonk_spider_entry_life_and_decay
Lair:3:   layout_gridlike, nicolae_swamp_entry_splash_gauntlet,
          nicolae_volcano_entry_two_sided, grunt_megastairs_1,
          serial_bayou_shore_b, infiniplex_staircase_pool_2,
          serial_bayou_shore_a
Lair:4:   layout_regular_city
Lair:5:   layout_long_grid, basic_altar, hellmonk_ghost_happy_afterlife,
          serial_bayou_shore_b
Lair:6:   wormcave, layout_loops_ring, dpeg_slime_entry_corner,
          hibernation_bobbens
Swamp:1:  layout_basic_swamp, evilmike_swamp_ruin_rubble_1, swamp_pool3,
          uniq_louise
Swamp:2:  layout_basic_swamp, portal_ice_cave_entry_dragon,
          evilmike_swamp_ruin_house_4, swamp_pool4, hangedman_swamp_phenomena
Swamp:3:  layout_basic_swamp, evilmike_swamp_ruin_house_6, grunt_witch_cave
Swamp:4:  swamp_old_school, layout_basic_swamp, uniq_kirke, uniq_donald
Spider:1: layout_spider_delve, drop_trap, beargit_elvish_explorers, uniq_aizul,
          uniq_mlioglotl
Spider:2: layout_spider_delve
Spider:3: nicolae_spider_hilbert_zone_1 [nicolae_spider_hilbert_4_sides_1_open,
          nicolae_spider_hilbert_4_sides_1_open,
          nicolae_spider_hilbert_4_sides_1_open,
          nicolae_spider_hilbert_4_sides_1_open,
          nicolae_spider_hilbert_3_sides_1_open,
          nicolae_spider_hilbert_3_sides_1_open,
          nicolae_spider_hilbert_3_sides_1_open,
          nicolae_spider_hilbert_3_sides_1_open,
          nicolae_spider_hilbert_3_sides_1_open,
          nicolae_spider_hilbert_6_sides_1_open,
          nicolae_spider_hilbert_6_sides_1_open,
          nicolae_spider_hilbert_3_sides_1_open,
          nicolae_spider_hilbert_3_sides_1_open,
          nicolae_spider_hilbert_3_sides_1_open,
          nicolae_spider_hilbert_3_sides_1_open,
          nicolae_spider_hilbert_2_sides_1_open]
Spider:4: grunt_spider_rune_parallel
Orc:1:    layout_caves, basic_altar, mines1_david
Orc:2:    grunt_orc_cross, layout_diamond_mine, minmay_orc_keep, uniq_maurice
Elf:1:    minmay_elf_arrival_circle, layout_gridlike, serial_shops,
          nicolae_lakefront_shop, hangedman_elven_crosses_minicolossus
Elf:2:    elven_hall_of_blades_hangedman_alternative
          [nicolae_blade_entry_area_security], layout_geoelf_diagonals,
          serial_shops, shop, nicolae_shop_competitors_out_of_business,
          nicolae_shop_behind_doors, uniq_asterion
Vaults:1: v_pattern_2, ontoclasm_vaults_pinch,
          vaults_standard_mumra_enter_the_diamond, grunt_vaults_trifunnel,
          v_alt_pattern_6, nicolae_vaults_network_square,
          vaults_room_grunt_arrival_ludios, v_misc_22,
          nicolae_vaults_diagonal_hallway_7, vaults_dpeg_diagonal,
          ontoclasm_vaults_twist, layout_vaults_omnicross, serial_shops,
          nicolae_shop_bloodbath_and_beyond, nicolae_shop_window_shopping,
          nicolae_lakefront_shop, shop
Vaults:2: minmay_crypt_entry_simple_walls, vaults_room_fancy_cross,
          nicolae_vaults_theta, v_alt_pattern_6, vaults_dpeg_cross,
          nicolae_vaults_little_squares_5, nicolae_vaults_diagonal_hallway_6,
          v_pattern_4, nicolae_vaults_border_crossing,
          vaults_room_grunt_arrival_checkpoint, vaults_room_hallway, st_lines,
          layout_vaults_big_room, serial_shops, nicolae_square_shop
Vaults:3: nicolae_vaults_disjoint_gnomons, nicolae_vaults_mini_display_case,
          vaults_mumra_hex, v_misc_18, vaults_room_corners, vaults_room_pools,
          vaults_room_door_ring, nicolae_vaults_shelves_hall,
          ontoclasm_vaults_ring_large, vaults_mumra_hexcomb,
          nicolae_vaults_asterisk, layout_vaults_quadrants, serial_shops,
          nicolae_shop_behind_doors, uniq_boris
Vaults:4: hangedman_vaults_nails, v_misc_33, vaults_room_pools,
          nicolae_vaults_c_with_doors, vaults_room_large_hall, v_misc_10,
          grunt_vaults_hallway_long, hangedman_vaults_impose,
          grunt_vaults_diagonal, vaults_room_stairs_pillars,
          hangedman_vaults_stream, nicolae_vaults_little_squares_2,
          dpeg_vaults_monster_box, vaults_dpeg_ring,
          nicolae_vaults_windows_and_doors_thing, vaults_room_pools,
          layout_vaults_maze, serial_shops, shop

Skill      XL: |  1  2  3  4  5  6  7  8  9 10 11 12 13 14 15 16 17 18 19 20 21 |
---------------+----------------------------------------------------------------+-----
Spellcasting   | 5 6 7 8 9 10 11 12 13 14 15 | 15.6
Invocations    | 1 2 3 4 5 6 7 8 9 10 11 12 13 14 15 16 | 16.1
Fighting       | 1 2 3 4 5 6 7 8 9 10 11 12 13 14 | 14.9
Short Blades   | 1 2 3 4 5 6 7 8 9 10 11 12 13 14 | 14.9
Long Blades    | 1 2 3 4 5 6 7 8 9 10 11 12 13 14 | 14.9
Axes           | 1 2 3 4 5 6 7 8 9 10 11 12 13 14 | 14.9
Maces & Flails | 1 2 3 4 5 6 7 8 9 10 11 12 13 14 | 14.9
Polearms       | 1 2 3 4 5 6 7 8 9 10 11 12 13 14 | 14.9
Staves         | 1 2 3 4 5 6 7 8 9 10 11 12 13 14 | 14.9
Slings         | 1 2 3 4 5 6 7 8 9 10 11 12 13 14 | 14.9
Bows           | 1 2 3 4 5 6 7 8 9 10 11 12 13 14 | 14.9
Crossbows      | 1 2 3 4 5 6 7 8 9 10 11 12 13 14 | 14.9
Throwing       | 1 2 3 4 5 6 7 8 9 10 11 12 13 14 | 14.9
Armour         | 1 2 3 4 5 6 7 8 9 10 11 12 13 14 | 14.9
Shields        | 1 2 3 4 5 6 7 8 9 10 11 12 13 14 | 14.9
Unarmed Combat | 1 2 3 4 5 6 7 8 9 10 11 12 13 14 | 14.9
Evocations     | 1 2 3 4 5 6 7 8 9 10 11 12 13 14 | 14.9
Conjurations   | 1 2 3 4 5 6 7 8 9 10 11 12 | 12.7
Hexes          | 1 2 3 4 5 6 7 8 9 10 11 12 | 12.7
Summonings     | 1 2 3 4 5 6 7 8 9 10 11 12 | 12.7
Necromancy     | 1 2 3 4 5 6 7 8 9 10 11 12 | 12.7
Translocations | 1 2 3 4 5 6 7 8 9 10 11 12 | 12.7
Transmutations | 1 2 3 4 5 6 7 8 9 10 11 12 | 12.7
Fire Magic     | 1 2 3 4 5 6 7 8 9 10 11 12 | 12.7
Air Magic      | 1 2 3 4 5 6 7 8 9 10 11 12 | 12.7
Earth Magic    | 1 2 3 4 5 6 7 8 9 10 11 12 | 12.7
Poison Magic   | 1 2 3 4 5 6 7 8 9 10 11 12 | 12.7
Dodging        | 5 6 7 8 9 10 11 12 13 14 15 | 15.5
Stealth        | 5 6 7 8 9 10 11 12 13 14 15 | 15.4
Ice Magic      | 8 9 10 11 12 13 14 | 14.4

Action                   |  1- 3 |  4- 6 |  7- 9 | 10-12 | 13-15 | 16-18 | 19-21 | 22-24 || total
-------------------------+-------+-------+-------+-------+-------+-------+-------+-------++-------
Melee: Unarmed           |     2 |       |       |    28 |       |       |    11 |       ||    41
       Short sword       |    29 |    89 |   106 |    25 |       |       |   120 |       ||   369
       Bite              |     4 |     5 |    30 |    56 |   181 |   164 |   244 |     1 ||   685
       Dagger            |     1 |       |       |       |       |       |       |       ||     1
       Punch             |     1 |     3 |     8 |    16 |    86 |    26 |       |       ||   140
       Rapier            |       |       |    89 |    24 |       |       |       |       ||   113
       Long sword        |       |       |       |   285 |  1010 |   818 |   553 |       ||  2666
       Quick blade       |       |       |       |    99 |   100 |   203 |   312 |       ||   714
       Morningstar       |       |       |       |       |       |       |   275 |    18 ||   293
Throw: Dart              |       |       |     4 |    26 |     5 |    10 |    12 |       ||    57
       Throwing net      |       |       |       |     1 |       |       |       |       ||     1
 Cast: Freeze            |    35 |     1 |     3 |       |    16 |       |       |       ||    55
       Frozen Ramparts   |       |    16 |    23 |    54 |    76 |    83 |    44 |     1 ||   297
       Searing Ray       |       |     1 |     5 |     9 |     5 |     4 |    15 |       ||    39
       Ozocubu's Armour  |       |       |     7 |    33 |    54 |    55 |    62 |     1 ||   212
       Ice Form          |       |       |       |     4 |       |       |       |       ||     4
       Hailstorm         |       |       |       |    16 |    29 |    19 |     2 |       ||    66
       Anguish           |       |       |       |     3 |    16 |    13 |       |       ||    32
       Passage of Golubr |       |       |       |       |     2 |       |       |       ||     2
       Dragon's Call     |       |       |       |       |     1 |     1 |       |     1 ||     3
       Olgreb's Toxic Ra |       |       |       |       |    22 |   107 |   126 |     2 ||   257
       Summon Lightning  |       |       |       |       |     5 |     9 |     5 |     2 ||    21
       Vampiric Draining |       |       |       |       |     2 |    60 |    29 |     7 ||    98
       Freezing Cloud    |       |       |       |       |       |    19 |    23 |       ||    42
       Ozocubu's Refrige |       |       |       |       |       |     8 |    18 |       ||    26
       Fireball          |       |       |       |       |       |       |    35 |       ||    35
       Blink             |       |       |       |       |       |       |    14 |       ||    14
       Ignite Poison     |       |       |       |       |       |       |    37 |       ||    37
       Lee's Rapid Decon |       |       |       |       |       |       |    12 |       ||    12
Invok: Divine Exegesis   |       |       |       |       |     1 |     1 |       |     1 ||     3
       Channel Magic     |       |       |       |       |       |     4 |     2 |     2 ||     8
Evoke: Wand              |       |       |       |       |     7 |     2 |     4 |       ||    13
       Phantom mirror    |       |       |       |       |       |       |     1 |       ||     1
  Use: Potion            |       |     8 |     6 |     2 |     4 |     5 |     6 |       ||    31
       Scroll            |       |     4 |     9 |     7 |     8 |    12 |     9 |       ||    49
 Stab: Sleeping          |       |     3 |     5 |     6 |    16 |    25 |    25 |       ||    80
       Distracted        |       |     2 |     2 |       |     1 |     8 |     7 |     1 ||    21
       Paralysed         |       |       |       |       |     7 |     5 |       |       ||    12
Armor: Leather armour    |    11 |       |    18 |   192 |   601 |    14 |       |       ||   836
       Ring mail         |       |    27 |    50 |       |       |       |       |       ||    77
       Skin              |       |       |       |     9 |       |       |       |       ||     9
       Troll leather arm |       |       |       |       |       |   558 |   362 |    17 ||   937
Dodge: Dodged            |    36 |    59 |   154 |   441 |  1099 |  1186 |   826 |    47 ||  3848
Block: Buckler           |       |       |       |       |       |   342 |       |       ||   342
       Kite shield       |       |       |       |       |       |    35 |   893 |    44 ||   972
       Reflection        |       |       |       |       |       |       |    31 |     3 ||    34

Table legend: (Time is in decaauts)
 A = Elapsed time spent in this place.
 B = Non-inter-level travel time spent in this place.
 C = Inter-level travel time spent in this place.
 D = Time resting spent in this place.
 E = Time spent auto-exploring this place.
 F = Levels seen in this place.
 G = Mean time per level.
                   A        B        C        D        E       F      G
               +--------+--------+--------+--------+--------+-----+--------+
         Total |  57399 |  54492 |   2907 |  12180 |  24567 |  41 | 1400.0 |
       Dungeon |  20728 |  19016 |   1712 |   3782 |   9544 |  15 | 1381.9 |
        Temple |    166 |    165 |      1 |      0 |    126 |   1 |  166.0 |
          Lair |   9483 |   8980 |    503 |    883 |   6062 |   6 | 1580.5 |
         Swamp |   4148 |   4025 |    123 |    849 |   1411 |   4 | 1037.0 |
   Spider Nest |   6137 |   5908 |    229 |   1791 |   2155 |   4 | 1534.2 |
  Orcish Mines |   4351 |   4230 |    121 |   1908 |    885 |   2 | 2175.5 |
   Elven Halls |   3789 |   3657 |    132 |    840 |   1242 |   2 | 1894.5 |
        Vaults |   5597 |   5513 |     84 |    949 |   2683 |   4 | 1399.2 |
       Ossuary |    206 |    206 |      0 |      0 |      0 |   1 |  206.0 |
      Ice Cave |   1218 |   1218 |      0 |    395 |    371 |   1 | 1218.0 |
       Volcano |   1573 |   1573 |      0 |    782 |     86 |   1 | 1573.0 |
               +--------+--------+--------+--------+--------+-----+--------+

Top non-repeatable levels by time:
   Orc:2: 2201 daAuts
   Elf:2: 2194 daAuts
   Orc:1: 2150 daAuts
     D:7: 2149 daAuts
    D:14: 2114 daAuts
Vaults:3: 2085 daAuts
    D:13: 1948 daAuts
Spider:3: 1911 daAuts
Vaults:1: 1873 daAuts
Spider:4: 1821 daAuts
  Lair:2: 1760 daAuts
  Lair:6: 1686 daAuts
    D:12: 1640 daAuts
  Lair:3: 1606 daAuts
   Elf:1: 1594 daAuts
